 Dungeon Crawl Stone Soup version 0.26-a0-845-gfacbca91cf (webtiles) character file.

Game seed: 1793470883138030804

523 Descartes the Blocker (level 7, -2/52 HPs)
             Began as a Formicid Fighter on Nov 19, 2020.
             Killed by divine providence
             ... invoked by an orc priest
              (10 damage)
             ... on level 4 of the Dungeon.
             The game lasted 00:06:29 (3459 turns).

Descartes the Blocker (Formicid Fighter)            Turns: 3459, Time: 00:06:29

Health: -2/52      AC:  8    Str: 21    XL:     7   Next: 46%
Magic:  7/7        EV: 13    Int:  9    God:
Gold:   116        SH: 11    Dex: 10    Spells: 6/6 levels left

rFire    . . .     SeeInvis +   a - +0 war axe
rCold    . . .     Faith    .   c - +0 kite shield
rNeg     . . .     Spirit   .   b - +0 scale mail
rPois    .         Reflect  .   (helmet unavailable)
rElec    .         Harm     .   (no cloak)
rCorr    .         Rampage  .   k - +0 pair of gloves
MR       .....                  (no boots)
Stlth    ..........             (no amulet)
HPRegen  0.17/turn              h - +4 ring of evasion
MPRegen  0.10/turn              (no ring)

@: no status effects
A: permanent stasis, dig shafts and tunnels, four strong arms, antennae 3
a: Dig, Shaft Self


You were on level 4 of the Dungeon.
You visited 1 branch of the dungeon, and saw 4 of its levels.

You collected 116 gold pieces.

Inventory:

Hand Weapons
 a - a +0 war axe (weapon)
 t - a +3 flail
 v - a +2 antimagic hand axe
Missiles
 i - 100 stones (quivered)
Armour
 b - a +0 scale mail (worn)
 c - a +0 kite shield (worn)
 k - a +0 pair of gloves (worn)
Jewellery
 h - a +4 ring of evasion (left hand)
Wands
 p - a wand of acid (21)
 q - a wand of enslavement (12)
Scrolls
 e - 2 scrolls of enchant armour {unknown}
 g - a scroll of immolation {unknown}
 j - a scroll of enchant weapon {unknown}
 l - 2 scrolls of remove curse {unknown}
 o - a scroll of amnesia {unknown}
 r - 5 scrolls of identify {unknown}
Potions
 d - 2 potions of might
 f - a potion of degeneration {unknown}
 m - a potion of magic {unknown}
 n - a potion of flight {unknown}
 s - a potion of resistance {unknown}
 u - a potion of haste {unknown}
 w - a potion of ambrosia {unknown}
 x - a potion of curing {unknown}
 z - a potion of heal wounds


   Skills:
 - Level 3.2 Fighting
 - Level 2.0 Axes
 - Level 3.2 Armour
 + Level 8.0 Shields
 + Level 4.6 Evocations


You had 6 spell levels left.
You didn't know any spells.
Your spell library was empty.

Dungeon Overview and Level Annotations

Branches:
Dungeon (4/15)
 Temple: D:4-7

Altars:
Elyvilon
Trog
Vehumet


Innate Abilities, Weirdness & Mutations

You cannot be hasted, slowed, berserked, paralysed or teleported.
You can dig through walls and to a lower floor.
Your four strong arms can wield two-handed weapons with a shield.
You have a pair of large antennae on your head. (SInv)


Message History

You slash the orc wizard!
You kill the orc wizard!
You block the orc priest's attack.
Your Shields skill increases to level 8!
You barely miss the orc priest. You block the orc priest's attack.
You closely miss the orc priest. The orc priest hits you.
You hit the orc priest.
The orc priest is moderately wounded.
The orc priest barely misses you. You block the orc priest's attack.
You barely miss the orc priest.
The orc priest is moderately wounded.
The orc priest mumbles some strange prayers to Beogh against you.
Beogh smites you!
* * * LOW HITPOINT WARNING * * *
You slash the orc priest!
The orc priest is almost dead.
The orc priest looks satisfied for a moment.
The orc priest mumbles some strange prayers to Beogh against you.
Beogh smites you!
You die...

...#.##.###+###..# #[###
.#.#....# #.# #..# #...#
...####.###.###..######### ###.#
.######.'.._###..........# ##...#
........###.###..#######.###...##
.#####..# #.# #..# #.##.)...# .#
#..###'###..# #.#....... .#
#..........## #......... .##
#......####@# #......... ...#
######## #o## #......... ....#
##{# #......... ##..# #{##
#..#.....# .# ##.# #..##...## #
#.## #..###.### ##.# #...##.##.
#{## ##..##.##. ##{#
#####..##..#.


You could see an orc priest.

Vanquished Creatures
  2 eyes of draining (D:3)
  A hound (D:4)
  An orc wizard (D:4)
  Jessica (D:2)
  An iguana (D:4)
  Robin (D:1)
  9 gnolls
  4 adders
  2 worms (D:4)
  A dart slug (D:1)
  3 leopard geckos
  5 orcs
  A ball python (D:3)
  6 bats
  3 giant cockroaches
  12 goblins
  18 hobgoblins
  5 jackals
  3 kobolds
  3 quokkas (D:3)
  5 frilled lizards
  A quokka skeleton (D:4)
  4 rats
92 creatures vanquished.

Vanquished Creatures (others)
  A goblin (D:2)
1 creature vanquished.

Grand Total: 93 creatures vanquished

Notes
Turn   | Place    | Note
-------+----------+-------------------------------------------
     0 | D:1      | Descartes the Formicid Fighter began the quest for the Orb.
     0 | D:1      | Reached XP level 1. HP: 18/18 MP: 1/1
    18 | D:1      | Reached skill level 4 in Shields
    27 | D:1      | Reached XP level 2. HP: 24/24 MP: 2/2
   430 | D:1      | Reached XP level 3. HP: 28/29 MP: 3/3
   507 | D:1      | Reached skill level 5 in Shields
   612 | D:2      | Noticed Robin
   625 | D:1      | Killed Robin
   733 | D:2      | Reached XP level 4. HP: 28/35 MP: 4/4
  1135 | D:2      | Found a faded altar of an unknown god.
  1183 | D:2      | Noticed Jessica
  1187 | D:2      | Killed Jessica
  1188 | D:2      | Reached skill level 6 in Shields
  1188 | D:2      | Reached skill level 1 in Evocations
  1422 | D:2      | Reached XP level 5. HP: 41/41 MP: 5/5
  1569 | D:2      | Found a radiant altar of Vehumet.
  2210 | D:3      | Reached XP level 6. HP: 40/47 MP: 6/6
  2275 | D:3      | Found a bloodstained altar of Trog.
  2275 | D:3      | Noticed an eye of draining
  2300 | D:3      | Killed an eye of draining
  2301 | D:3      | Reached skill level 7 in Shields
  2355 | D:3      | Noticed an eye of draining
  2363 | D:3      | Killed an eye of draining
  2364 | D:3      | Reached XP level 7. HP: 52/52 MP: 0/7
  3109 | D:4      | Found a white marble altar of Elyvilon.
  3455 | D:4      | Reached skill level 8 in Shields
  3459 | D:4      | Killed from afar by an orc priest

Illustrated notes

Levels and vault maps discovered:
D:1:      minmay_arrival_stone_box, layout_basic
D:2:      layout_loops_corners, fiery_altar_vehumet,
          chequers_ecumenical_altar_grove, uniq_jessica, uniq_robin
D:3:      layout_basic, trog_eyes_of_draining, kennysheep_generic_room_6
D:4:      layout_loops_ring, lemuel_doored_altar, minivault_25,
          kennysheep_generic_room_7

Skill      XL: |  1  2  3  4  5  6  7 |
---------------+----------------------+-----
Shields        | 4 5 6 7 8 |  8.0
Evocations     | 1 2 4 |  4.6
Fighting       | |  3.2
Axes           | |  2.0
Armour         | |  3.2

Action                   |  1- 3 |  4- 6 |  7- 9 || total
-------------------------+-------+-------+-------++-------
Melee: War axe           |    65 |   169 |    74 ||   308
 Abil: Dig               |       |       |     1 ||     1
Armor: Scale mail        |    24 |    43 |     7 ||    74
Dodge: Dodged            |    28 |    83 |    40 ||   151
Block: Kite shield       |    43 |   100 |    42 ||   185

Table legend: (Time is in decaauts)
 A = Elapsed time spent in this place.
 B = Non-inter-level travel time spent in this place.
 C = Inter-level travel time spent in this place.
 D = Time resting spent in this place.
 E = Time spent auto-exploring this place.
 F = Levels seen in this place.
 G = Mean time per level.
                   A        B        C        D        E       F      G
               +--------+--------+--------+--------+--------+-----+--------+
         Total |   3592 |   3422 |    170 |      0 |   2673 |   4 |  898.0 |
       Dungeon |   3592 |   3422 |    170 |      0 |   2673 |   4 |  898.0 |
               +--------+--------+--------+--------+--------+-----+--------+

Top non-repeatable levels by time:
     D:2: 1170 daAuts
     D:3: 923 daAuts
     D:4: 792 daAuts
     D:1: 705 daAuts
